 Dungeon Crawl Stone Soup version 0.26-a0-661-g406de6ba63 (webtiles) character file.

Game seed: 11541432005918451865

595 Peloso the Shield-Bearer (level 7, -1/61 HPs)
             Began as a Minotaur Fighter on Oct 9, 2020.
             Slain by an ice beast (16 damage)
             ... on level 4 of the Dungeon.
             The game lasted 00:07:20 (3891 turns).

Peloso the Shield-Bearer (Minotaur Fighter)         Turns: 3891, Time: 00:07:21

Health: -1/61      AC:  7    Str: 21    XL:     7   Next: 16%
Magic:  6/6        EV:  8    Int:  5    God:
Gold:   71         SH: 10    Dex: 11    Spells: 6/6 levels left

rFire    + . .     SeeInvis .   a - +0 long sword
rCold    x . .     Faith    .   c - +0 kite shield
rNeg     . . .     Spirit   .   b - +0 scale mail
rPois    .         Reflect  .   (helmet restricted)
rElec    .         Harm     .   (no cloak)
rCorr    .         Rampage  .   (no gloves)
MR       .....                  (no boots)
Stlth    ..........             n - amulet of the acrobat
HPRegen  0.20/turn              e - ring of fire
MPRegen  0.10/turn              (no ring)

@: no status effects
A: retaliatory headbutt, horns 2
a: no special abilities


You were on level 4 of the Dungeon.
You visited 1 branch of the dungeon, and saw 5 of its levels.

You collected 263 gold pieces.
You spent 192 gold pieces at shops.

Inventory:

Hand Weapons
 a - a +0 long sword (weapon)
Armour
 b - a +0 scale mail (worn)
 c - a +0 kite shield (worn)
Jewellery
 e - a ring of fire (left hand)
 n - an amulet of the acrobat (around neck)
 q - a cursed ring of attention {unknown}
Wands
 k - a wand of digging (3)
 p - a wand of random effects (26)
Scrolls
 f - 3 scrolls of magic mapping
 g - 6 scrolls of identify
 h - 2 scrolls of teleportation
 i - 5 scrolls of remove curse
 l - a scroll of noise
 m - a scroll of immolation
 o - a scroll of enchant weapon {unknown}
Potions
 d - a potion of might
 j - a potion of curing


   Skills:
 + Level 5.1 Fighting
 + Level 5.8 Long Blades
 + Level 5.2 Armour
 + Level 1.8 Dodging
 + Level 0.3 Stealth
 + Level 6.0 Shields


You had 6 spell levels left.
You didn't know any spells.
Your spell library was empty.

Dungeon Overview and Level Annotations

Branches:
Dungeon (5/15)
 Temple: D:4-7

Altars:
Fedhas
Kikubaaqudgha
Nemelex Xobeh
Wu Jian
Yredelemnul

Shops:
D:5 *?*

Annotations:
D:4 1 runed translucent door, Crazy Yiuf


Innate Abilities, Weirdness & Mutations

You reflexively headbutt those who attack you in melee.
You have a pair of horns on your head.


Message History

The orc barely misses you.
You slash the orc!
You kill the orc!
You closely miss the adder skeleton. You block the adder skeleton's attack.
You hit the ice beast. You headbutt the ice beast.
The ice beast is moderately wounded.
You closely miss the ice beast. You headbutt the ice beast!
The ice beast is heavily wounded.
The ice beast hits you. The ice beast freezes you!!
You feel a terrible chill!
* * * LOW HITPOINT WARNING * * *
The ice beast barely misses you.
You hit the ice beast but do no damage. You headbutt the ice beast.
The ice beast is heavily wounded.
The ice beast hits you but does no damage.
You closely miss the ice beast. You headbutt the ice beast!
The ice beast is almost dead.
The ice beast hits you.
* * * LOW HITPOINT WARNING * * *
The ice beast freezes you!
You feel a terrible chill!
You die...

....##.#.##.###...#
###.#.............#
# #.#......#####..#
###...............#
....#......#####.##
....+......# #.#
....#......# #.#
....#......# #)#
....#.|....# #@#
....#......# #Y#
....###..##.


.ZZ ##### ....# .....# ......# !......# ........# You could see an ice beast, an
adder skeleton and a jackal skeleton.

Vanquished Creatures
  A sky beast (D:5)
  2 scorpions
  A hound (D:4)
  3 orc priests (D:4)
  An iguana (D:4)
  2 worker ants
  A howler monkey skeleton (D:2)
  6 gnolls
  4 adders
  2 ufetubi (D:5)
  An ooze (D:2)
  3 dart slugs (D:1)
  2 leopard geckos
  6 orcs (D:4)
  3 giant cockroaches
  7 goblins
  6 hobgoblins
  5 jackals (D:3)
  4 quokkas
  9 bats
  4 frilled lizards
  11 kobolds
  2 leopard gecko skeletons (D:4)
  7 rats
93 creatures vanquished.

Notes
Turn   | Place    | Note
-------+----------+-------------------------------------------
     0 | D:1      | Peloso the Minotaur Fighter began the quest for the Orb.
     0 | D:1      | Reached XP level 1. HP: 19/19 MP: 0/0
   140 | D:1      | Noticed a big kobold
   140 | D:1      | Noticed a big kobold
   142 | D:1      | Noticed a big kobold
   144 | D:1      | Noticed a big kobold
   244 | D:1      | Reached XP level 2. HP: 27/27 MP: 1/1
   298 | D:1      | Reached skill level 4 in Shields
   958 | D:1      | Reached XP level 3. HP: 33/33 MP: 2/2
  1410 | D:2      | Reached XP level 4. HP: 39/40 MP: 3/3
  1505 | D:2      | Found a basalt altar of Yredelemnul.
  1731 | D:2      | Found a sparkling altar of Nemelex Xobeh.
  2187 | D:3      | Found an ancient bone altar of Kikubaaqudgha.
  2194 | D:3      | You fall into a shaft and drop 2 floors!
  2194 | D:5      | Entered Level 5 of the Dungeon
  2212 | D:5      | Reached XP level 5. HP: 47/47 MP: 4/4
  2354 | D:5      | Found Yfigogucas's Magic Scroll Boutique.
  2362 | D:5      | Found Xin Ciesh's General Store.
  2363 | D:5      | Noticed a sky beast
  2380 | D:5      | Killed a sky beast
  2380 | D:5      | Reached skill level 1 in Dodging
  2380 | D:5      | Reached skill level 5 in Shields
  2380 | D:5      | Reached XP level 6. HP: 47/53 MP: 5/5
  2382 | D:5      | Bought a scroll of magic mapping for 42 gold pieces
  2382 | D:5      | Bought a scroll of identify for 24 gold pieces
  2396 | D:5      | Bought a scroll of remove curse for 36 gold pieces
  2396 | D:5      | Bought a scroll of noise for 12 gold pieces
  2396 | D:5      | Bought a scroll of teleportation for 36 gold pieces
  2416 | D:5      | Bought a scroll of immolation for 42 gold pieces
  2428 | D:5      | Found Hireomet's Assorted Antiques.
  2555 | D:4      | Reached skill level 5 in Long Blades
  2632 | D:4      | Found a runed translucent door.
  2633 | D:4      | Noticed Crazy Yiuf
  3286 | D:3      | Reached skill level 5 in Armour
  3434 | D:3      | Found an ornate altar of the Wu Jian Council.
  3544 | D:3      | Found a blossoming altar of Fedhas.
  3615 | D:4      | Reached skill level 5 in Fighting
  3619 | D:4      | Reached XP level 7. HP: 51/61 MP: 6/6
  3881 | D:4      | Reached skill level 6 in Shields
  3891 | D:4      | Slain by an ice beast

Illustrated notes

Levels and vault maps discovered:
D:1:      erik_arrival_cave_to_civilisation [erik_arrival_cave_to_temple],
          layout_basic
D:2:      layout_loops_ring, yredelemnul_altar_generic,
          nemelex_xobeh_ov_fountains_minmay
D:3:      layout_loops_cross, lemuel_coloured_pillars_altar,
          nicolae_overflow_crystal_walls, overflow_temple_1_default
D:4:      layout_basic, uniq_crazy_yiuf_cottage
D:5:      layout_basic, lemuel_doored_altar, serial_shops, kennysheep_mini,
          shop, nicolae_shop_window_shopping, shop_scrolls, minmay_shop_mayhem,
          sigmund_edmund_badplayer

Skill      XL: |  1  2  3  4  5  6  7 |
---------------+----------------------+-----
Shields        | 4 5 6 |  6.0
Fighting       | 4 5 |  5.1
Long Blades    | 3 4 5 |  5.8
Armour         | 4 5 |  5.2
Dodging        | 1 |  1.8
Stealth        | |  0.3

Action                   |  1- 3 |  4- 6 |  7- 9 || total
-------------------------+-------+-------+-------++-------
Melee: Long sword        |    70 |   143 |    36 ||   249
       Headbutt          |    10 |    29 |     9 ||    48
  Use: Potion            |     1 |       |       ||     1
       Scroll            |       |     2 |       ||     2
Armor: Scale mail        |    46 |    57 |     8 ||   111
Dodge: Dodged            |    30 |    43 |    15 ||    88
Block: Kite shield       |    44 |    88 |    23 ||   155
       Rpst.: Long sword |     6 |     9 |     1 ||    16

Table legend: (Time is in decaauts)
 A = Elapsed time spent in this place.
 B = Non-inter-level travel time spent in this place.
 C = Inter-level travel time spent in this place.
 D = Time resting spent in this place.
 E = Time spent auto-exploring this place.
 F = Levels seen in this place.
 G = Mean time per level.
                   A        B        C        D        E       F      G
               +--------+--------+--------+--------+--------+-----+--------+
         Total |   3955 |   3817 |    138 |    253 |   2800 |   5 |  791.0 |
       Dungeon |   3955 |   3817 |    138 |    253 |   2800 |   5 |  791.0 |
               +--------+--------+--------+--------+--------+-----+--------+

Top non-repeatable levels by time:
     D:2: 1180 daAuts
     D:1: 1019 daAuts
     D:4: 923 daAuts
     D:3: 513 daAuts
     D:5: 319 daAuts
